 Dungeon Crawl Stone Soup version 0.29-a0-356-g7bc237e783 (webtiles) character file.

Game seed: 1160591979597429693

87 NinjaNoafa the Bolt Thrower (level 4, -4/57 HPs)
             Began as a Minotaur Hunter on Apr 26, 2022.
             Slain by a gnoll
             ... wielding a +0 flail
              (8 damage)
             ... on level 3 of the Dungeon.
             The game lasted 00:04:42 (1729 turns).

NinjaNoafa the Bolt Thrower (Minotaur Hunter)       Turns: 1729, Time: 00:04:42

Health: -4/57      AC: 22    Str: 16    XL:     4   Next: 28%
Magic:  3/3        EV:  2    Int:  6    God:
Gold:   122        SH:  0    Dex: 15    Spells: 3/3 levels left

rFire   . . .      SeeInvis .   a - +1 hand crossbow
rCold   . . .      Faith    .   (no shield)
rNeg    . . .      Spirit   .   (body armour currently unavailable)
rPois   +          Reflect  .   (helmet currently unavailable)
rElec   .          Harm     .   (cloak currently unavailable)
rCorr   .          Rampage  .   (gloves currently unavailable)
Will    .....      NoTele   +   (boots currently unavailable)
Stlth   ++........              (no amulet)
HPRegen 0.19/turn               (no ring)
MPRegen 0.08/turn               (no ring)

@: tree-form
A: stationary, stasis, torment immunity, boosted hp, (horns 2), (retaliatory
headbutt)
a: no special abilities


You were on level 3 of the Dungeon.
You were a tree.
You visited 1 branch of the dungeon, and saw 3 of its levels.

You collected 122 gold pieces.

Inventory:

Hand Weapons
 a - a +1 hand crossbow (weapon)
 j - a +0 short sword
Missiles
 e - 71 stones
Armour
 b - a +0 leather armour (melded)
 d - a +0 pair of gloves (melded)
Scrolls
 c - a scroll of immolation
 f - a scroll of holy word {unknown}
 l - a scroll of enchant weapon {unknown}
 m - a scroll of identify {unknown}
Potions
 k - a potion of flight {unknown}
 n - a potion of mutation {unknown}


   Skills:
 + Level 3.5 Fighting
 + Level 4.9 Crossbows
 + Level 3.1 Dodging
 + Level 1.8 Stealth


You had 3 spell levels left.
You didn't know any spells.
Your spell library was empty.

Dungeon Overview and Level Annotations

Branches:
Dungeon (3/15)

Altars:
Yredelemnul

Shops:
D:2 *=:**


Innate Abilities, Weirdness & Mutations

You are a tree.
Your roots penetrate the ground, keeping you stationary.
You cannot be teleported.
You are immune to unholy pain and torment.
Your maximum health is greatly increased.
Your equipment is partially melded.
((You have a pair of horns on your head.))
((You reflexively headbutt those who attack you in melee.))


Message History

You shoot a bolt. The bolt hits the goblin.
You kill the goblin!
You shoot a bolt. The bolt closely misses the gnoll.
You shoot a bolt. The bolt hits the gnoll.
The gnoll is moderately wounded.
You shoot a bolt. The bolt closely misses the gnoll.
The gnoll hits you with a +0 whip!
You shoot a bolt. The bolt barely misses the gnoll.
A gnoll comes into view.
It is wielding a +3 halberd of protection.
You shoot a bolt. The bolt hits the gnoll!
The gnoll is almost dead.
The gnoll barely misses you. You furiously retaliate!
You headbutt the gnoll!
You kill the gnoll!
The gnoll attacks as you move away! The gnoll closely misses you.
You shoot a bolt. The bolt hits the gnoll.
The gnoll is moderately wounded.
The gnoll closely misses you.
A gnoll comes into view. It is wielding a +0 flail.
You shoot a bolt. The bolt closely misses the gnoll.
The bolt hits the gnoll but does no damage.
The gnoll closely misses you. You furiously retaliate!
You headbutt the gnoll, but do no damage.
The gnoll hits you from afar with a +3 halberd of protection!
The gnoll hits you from afar with a +3 halberd of protection.
The gnoll hits you with a +0 flail!
* * * LOW HITPOINT WARNING * * *
It was a potion of cancellation.
You feel magically purged. The gnoll barely misses you.
The gnoll hits you from afar with a +3 halberd of protection.
* * * LOW HITPOINT WARNING * * *
It was a potion of curing.
You feel better. The gnoll hits you with a +0 flail.
* * * LOW HITPOINT WARNING * * *
The gnoll hits you from afar with a +3 halberd of protection!
* * * LOW HITPOINT WARNING * * *
The gnoll attacks as you move away! The gnoll barely misses you.
It was a potion of lignification.
You turn into a tree.
Your +0 pair of gloves melds into your body.
Your +0 leather armour melds into your body.
Your roots penetrate the ground.
The gnoll hits you with a +0 flail!
You die...

########.
#).)..... #.# #g#
#.# #g# #g# #.#
#♣# #.# #.# #.#
#.# #.# #.# #.#
#.# #.# #.# ##.#
#
#.#####..####.##
#...............
##.####.....##.##


You could see 3 gnolls.

Vanquished Creatures
  A gnoll (D:3)
  2 adders (D:2)
  2 dart slugs
  4 ball pythons
  4 bats (D:1)
  2 bat zombies (D:2)
  8 endoplasms
  2 giant cockroaches
  6 goblins
  4 hobgoblins (D:1)
  2 kobolds (D:2)
  2 quokkas (D:2)
  6 frilled lizards
  A quokka zombie (D:2)
  7 rats
53 creatures vanquished.

Notes
Turn   | Place    | Note
-------+----------+-------------------------------------------
     0 | D:1      | NinjaNoafa the Minotaur Hunter began the quest for the Orb.
     0 | D:1      | Reached XP level 1. HP: 18/18 MP: 0/0
    99 | D:1      | Reached skill level 1 in Stealth
   189 | D:1      | Reached XP level 2. HP: 25/25 MP: 1/1
   531 | D:1      | Reached XP level 3. HP: 28/31 MP: 2/2
   893 | D:2      | Found Loqei's Book Emporium.
   988 | D:2      | Found Totonoir's General Store.
  1050 | D:2      | Found Lahiunix's Assorted Antiques.
  1269 | D:2      | Found Iffoosh's Jewellery Shop.
  1359 | D:2      | Reached XP level 4. HP: 38/38 MP: 3/3
  1435 | D:2      | Found Baipek Fueck's Assorted Antiques.
  1657 | D:3      | Found a basalt altar of Yredelemnul.
  1729 | D:3      | Slain by a gnoll

Illustrated notes

Levels and vault maps discovered:
D:1:      minmay_arrival_split_and_join, layout_basic
D:2:      minmay_spotlight, layout_rooms, serial_undead, serial_undead_e,
          serial_undead_d, serial_undead_c, serial_undead_e, serial_shops,
          nicolae_shop_advertising_works [nicolae_subvault_shop_adworks],
          nicolae_square_shop, nicolae_lakefront_shop, shop, shop,
          nicolae_figureground_pulse
D:3:      minmay_general_purpose_star, layout_loops_ring,
          yredelemnul_altar_generic, minmay_diced_spiral

Skill      XL: |  1  2  3 |
---------------+----------+-----
Stealth        | 1 |  1.8
Fighting       | 3 |  3.5
Dodging        | 3 |  3.1
Crossbows      | |  4.9

Action                   |  1- 3 |  4- 6 || total
-------------------------+-------+-------++-------
 Fire: Hand crossbow     |    89 |    16 ||   105
  Use: Potion            |       |     3 ||     3
Armor: Leather armour    |     4 |       ||     4
Dodge: Dodged            |    13 |     6 ||    19

Table legend: (Time is in decaauts)
 A = Elapsed time spent in this place.
 B = Non-inter-level travel time spent in this place.
 C = Inter-level travel time spent in this place.
 D = Time resting spent in this place.
 E = Time spent auto-exploring this place.
 F = Levels seen in this place.
 G = Mean time per level.
                   A        B        C        D        E       F      G
               +--------+--------+--------+--------+--------+-----+--------+
         Total |   1761 |   1569 |    192 |      0 |   1326 |   3 |  587.0 |
       Dungeon |   1761 |   1569 |    192 |      0 |   1326 |   3 |  587.0 |
               +--------+--------+--------+--------+--------+-----+--------+

Top non-repeatable levels by time:
     D:1: 913 daAuts
     D:2: 771 daAuts
     D:3: 76 daAuts
